 Dungeon Crawl Stone Soup version 0.29.1-1-gd02db6906a (webtiles) character file.

Game seed: 15311865200645975241

205 hawla the Conjurer (level 5, 0/41 HPs)
             Began as a Draconian Conjurer on Sept 22, 2022.
             Succumbed to a kobold brigand's curare-tipped dart
             ... on level 3 of the Dungeon.
             The game lasted 00:12:36 (3583 turns).

hawla the Conjurer (Draconian Conjurer)             Turns: 3583, Time: 00:12:36

Health: 0/41       AC:  8    Str:  9    XL:     5   Next: 52%
Magic:  4/8        EV: 12    Int: 21    God:
Gold:   100        SH:  0    Dex:  9    Spells: 6/9 levels left

rFire   . . .      SeeInvis .   g - staff of death
rCold   . . .      Faith    .   (no shield)
rNeg    + . .      Spirit   .   (body armour unavailable)
rPois   .          Reflect  .   (helmet restricted)
rElec   .          Harm     .   (no cloak)
rCorr   .          Rampage  .   h - +1 pair of gloves
Will    .....                   (no boots)
Stlth   ++........              (no amulet)
HPRegen 0.13/turn               b - ring of flight
MPRegen 0.11/turn               (no ring)

@: brilliant, lethally poisoned (0 -> -9), weak-willed, flying, slowed, very
slow
A: AC +5, unfitting armour, cold-blooded, mutation resistance 1, shaggy fur 1,
wild magic 1
a: no special abilities


You were on level 3 of the Dungeon.
You visited 1 branch of the dungeon, and saw 3 of its levels.

You collected 100 gold pieces.

Inventory:

Missiles
 d - 6 curare-tipped darts (quivered)
Armour
 h - a +1 pair of gloves (worn)
Magical Staves
 g - a staff of death (weapon)
Jewellery
 b - a ring of flight (left hand)
Scrolls
 i - a scroll of teleportation
 k - 2 scrolls of blinking {unknown}
 l - 3 scrolls of identify {unknown}


   Skills:
 + Level 1.6 Fighting
 + Level 1.8 Staves
 + Level 2.3 Dodging
 + Level 2.0 Stealth
 + Level 2.5 Spellcasting
 + Level 5.2 Conjurations
 + Level 1.0 Necromancy
 + Level 1.0 Evocations


You had 6 spell levels left.
You knew the following spells:

 Your Spells              Type           Power      Damage    Failure   Level
a - Magic Dart            Conj           100%       1d8       3%          1
b - Searing Ray           Conj           94%        2d7       4%          2

Your spell library contained the following spells:

 Spells                   Type           Power      Damage    Failure   Level
 Summon Small Mammal      Summ           20%        N/A       21%         1
 Dazzling Flash           Conj/Hex       52%        N/A       21%         3
 Ensorcelled Hibernation  Hex/Ice        10%        N/A       30%         2
 Call Canine Familiar     Summ           5%         N/A       47%         3
 Frozen Ramparts          Ice            10%        1d2       47%         3
 Summon Guardian Golem    Hex/Summ       5%         N/A       47%         3
 Fulminant Prism          Conj/Hex       13%        3d9       52%         4
 Iskenderun's Mystic Bla  Conj/Tloc      26%        2d7       52%         4
 Ice Form                 Ice/Tmut       5%         N/A       86%         4
 Summon Ice Beast         Ice/Summ       5%         N/A       86%         4
 Silence                  Hex/Air        2%         N/A       99%         5
 Animate Armour           Summ/Erth      Unusable   N/A       N/A         4

Dungeon Overview and Level Annotations

Branches:
Dungeon (3/15)

Altars:
Okawaru
Uskayaw

Annotations:
D:1 dig the gold


Innate Abilities, Weirdness & Mutations

Your plain brown scales are hard. (AC +5)
You cannot fit into any form of body armour.
You are cold-blooded and may be slowed by cold attacks.
You are somewhat resistant to further mutation.
You are covered in fur. (AC +1)
Your spells are a little harder to cast, but a little more powerful.


Message History

A hobgoblin comes into view.
A hobgoblin is nearby!
A hobgoblin is nearby!
Casting: Magic Dart (safe; 3% risk of failure)
Confirm with . or Enter, or press ? or * to list all spells.
Aiming: Magic Dart (safe; 3% risk of failure)
Press: ? - help, Shift-Dir - straight line, f - hobgoblin
Aim: a hobgoblin (wandering, hasn't noticed you, 100% to hit)
You feel a surge of power!
The magic dart hits the hobgoblin.
The hobgoblin is moderately wounded.
The hobgoblin shouts!
Casting: Magic Dart (safe; 3% risk of failure)
Confirm with . or Enter, or press ? or * to list all spells.
Aiming: Magic Dart (safe; 3% risk of failure)
Press: ? - help, Shift-Dir - straight line, f/p - hobgoblin
Aim: a hobgoblin (moderately wounded, 100% to hit)
You feel a surge of power!
The magic dart hits the hobgoblin!
You kill the hobgoblin!
The kobold brigand throws a curare-tipped dart.
The curare-tipped dart barely misses you.
The kobold brigand throws a curare-tipped dart.
The curare-tipped dart hits you.
You are lethally poisoned!
You have difficulty breathing.
* * * LOW HITPOINT WARNING * * *
You feel yourself slow down.
You aren't carrying any potions.
As you read the scroll labelled KIUMIF MUKH, it crumbles to dust.
Magic quickly surges around you.
It was a scroll of vulnerability.
* * * LOW HITPOINT WARNING * * *
You feel very sick.
You aren't carrying any potions.
Unknown command.
Okay, then.
You aren't carrying any potions.
Search for what [Enter for "rmo", or ? for help]? poti Can't find anything matching that.
You closely miss the kobold brigand.
The kobold brigand is lightly wounded.
You die...

#)#~#..# #### ######
##))~#).##
....##....####K.~~##..#
#............~~~~#..#
###.....#####~~≈≈#.K#
#......## #~~~≈#..#
##########.##..####~≈##..#
##.....$.##K###.....~~# ##
............@......#~##
.........#.........#~# #####
.......#...........### #~#).
.......#.#####.##### #~..#
.......#.#####..##### #~~##
....................## #≈~~.
.......########.#####..##~~~.
....... #.#### ..#≈≈~~#
....... #....# ##≈~~.


You could see a kobold brigand (weak-willed).

Vanquished Creatures
  3 orc wizards (D:3)
  2 adders (D:3)
  An ufetubus (D:2)
  A worm (D:2)
  A dart slug (D:3)
  14 orcs (D:3)
  7 ball pythons
  4 bats
  5 endoplasms
  A giant cockroach (D:3)
  7 goblins
  12 hobgoblins
  10 jackals (D:2)
  A quokka (D:3)
  5 kobolds
  4 rats
  A spectral hobgoblin (D:3)
79 creatures vanquished.

Notes
Turn   | Place    | Note
-------+----------+-------------------------------------------
     0 | D:1      | hawla the Draconian Conjurer began the quest for the Orb.
     0 | D:1      | Reached XP level 1. HP: 14/14 MP: 3/3
   289 | D:1      | Reached XP level 2. HP: 13/20 MP: 0/5
   292 | D:1      | Learned a level 2 spell: Searing Ray
  1454 | D:2      | Found a hide-covered altar of Uskayaw.
  1485 | D:2      | Reached XP level 3. HP: 26/26 MP: 1/6
  1686 | D:3      | Reached skill level 5 in Conjurations
  2303 | D:2      | Reached XP level 4. HP: 33/33 MP: 7/7
  2783 | D:3      | Identified the +1 scale mail "Plog" {rPois Dex+4}
  2803 | D:3      | Found an iron altar of Okawaru.
  3120 | D:3      | Found a faded altar of an unknown god.
  3290 | D:3      | Reached skill level 1 in Fighting
  3293 | D:3      | Reached skill level 1 in Staves
  3293 | D:3      | Reached skill level 1 in Evocations
  3431 | D:3      | Got Sif Muna's Essays on Petrified Guile
  3520 | D:3      | Gained mutation: Your spells are a little harder to cast,
                  | but a little more powerful. [potion of mutation]
  3520 | D:3      | Gained mutation: You are somewhat resistant to further
                  | mutation. [potion of mutation]
  3520 | D:3      | Gained mutation: You are covered in fur. (AC +1) [potion of
                  | mutation]
  3525 | D:3      | Reached XP level 5. HP: 29/40 MP: 0/8
  3534 | D:3      | Reached skill level 1 in Necromancy
  3583 | D:3      | Succumbed to a kobold brigand's curare-tipped dart

Illustrated notes

Levels and vault maps discovered:
D:1:      ebering_trefoil_twist, layout_basic, corexii_leaking_fountain,
          item_on_display_a
D:2:      layout_basic, basic_altar
D:3:      cheibrodos_thug_alley, layout_rooms, okawaru_metal_pillars_1_2,
          dreamdust_ecumenical_altar_drowned_temple, kennysheep_generic_room_12

Skill      XL: |  1  2  3  4  5 |
---------------+----------------+-----
Conjurations   | 5 |  5.2
Dodging        | 2 |  2.3
Fighting       | 1 |  1.6
Staves         | 1 |  1.8
Stealth        | 2 |  2.0
Evocations     | 1 |  1.0
Necromancy     | 1 |  1.0
Spellcasting   | |  2.5

Action                   |  1- 3 |  4- 6 || total
-------------------------+-------+-------++-------
Melee: Unarmed           |    11 |       ||    11
       Staff             |    43 |    82 ||   125
       Tailslap          |     7 |     8 ||    15
 Cast: Magic Dart        |    36 |     8 ||    44
       Searing Ray       |    13 |    12 ||    25
  Use: Scroll            |     2 |     3 ||     5
       Potion            |       |     4 ||     4
 Stab: Sleeping          |       |     2 ||     2
Armor: Skin              |    34 |    48 ||    82
Dodge: Dodged            |    84 |    90 ||   174
